[Event "Titled Tuesday Blitz February 28 Late 2023"]
[White "Taboas Rodriguez, Daniel"]
[Black "Sabar, Ethmane Daouda"]
[WhiteFideId "2208466"]
[BlackFideId "19600097"]
[WhiteElo "2365"]
[BlackElo "1950"]
[Result "1-0"]
[Round "03"]
[TimeControl "180+2"]
[Date "2023.02.28"]
[WhiteClock "0:01:05"]
[BlackClock "0:00:01"]

1. d4 d5 2. Nf3 Nf6 3. c4 c6 4. cxd5 cxd5 5. Nc3 Nc6 6. Bf4 a6 7. Rc1 e6 8. e3 Bd6 9. Bxd6 Qxd6 10. Bd3 O-O 11. O-O b5 12. a3 b4 13. axb4 Nxb4 14. Be2 Bd7 15. Ne5 Rfb8 16. Na4 Bb5 17. Nc5 a5 18. Bxb5 Rxb5 19. Qa4 Rab8 20. h3 g6 21. Rc3 Ne4 22. Nxe4 dxe4 23. Rfc1 Nd3 24. Nxd3 exd3 25. Rxd3 Rxb2 26. Qxa5 Rb1 27. Rdd1 Rxc1 28. Rxc1 Kg7 29. Qc3 Qb4 30. Qxb4 Rxb4 31. g4 Kf6 32. Kg2 g5 33. Kg3 Rb2 34. Rh1 Kg6 35. h4 h6 36. h5+ Kf6 37. Rc1 Rd2 38. Rc8 Kg7 39. Rd8 Kf6 40. Kf3 Kg7 41. Ra8 Kf6 42. Ra4 Kg7 43. e4 Rd3+ 44. Ke2 Rh3 45. Ra5 Kf6 46. f3 Rh2+ 47. Ke3 Rh1 48. d5 exd5 49. Ra6+ Kg7 50. exd5 1-0


[Site "https://www.chess.com"]

[Event "Titled Tuesday Blitz February 28 Late 2023"]
[White "olga-belka"]
[Black "Sztokbant, Bernardo Vainzoff"]
[BlackFideId "2115956"]
[WhiteElo "2196"]
[BlackElo "2222"]
[Result "0-1"]
[Round "03"]
[TimeControl "180+2"]
[Date "2023.02.28"]
[WhiteClock "0:00:02"]
[BlackClock "0:00:26"]

1. e4 c5 2. Nf3 e6 3. c3 d5 4. exd5 Qxd5 5. d4 Nc6 6. Na3 Nf6 7. Bc4 Qe4+ 8. Be3 cxd4 9. cxd4 Bb4+ 10. Kf1 O-O 11. Bd3 Qd5 12. Nc2 Be7 13. h3 Rd8 14. Be2 b6 15. Nd2 Bb7 16. Bf3 Qb5+ 17. Kg1 Nd5 18. Nb3 Rac8 19. Qd2 Ncb4 20. Nxb4 Bxb4 21. Qd1 Be7 22. Kh2 a5 23. Rb1 a4 24. Nd2 Nxe3 25. fxe3 Bxf3 26. Nxf3 Bd6+ 27. Kg1 Bg3 28. h4 Bb8 29. h5 e5 30. h6 g6 31. Kf2 e4 32. Nd2 Qf5+ 33. Kg1 Bg3 34. Qf1 Qg5 35. Qe2 Rc2 36. Nxe4 Rxe2 37. Nxg5 Rc8 38. Rh3 Bf2+ 39. Kf1 Rcc2 40. Rf3 Bxe3 41. Ne4 Bxd4 42. Rd1 Rxe4 43. Rfd3 Rf2+ 44. Kg1 Rd2+ 45. Rxd4 Rexd4 0-1


[Site "https://www.chess.com"]

[Event "Titled Tuesday Blitz February 28 Late 2023"]
[White "WindWhistler11"]
[Black "Sailer, Mike"]
[BlackFideId "2012901"]
[WhiteElo "2535"]
[BlackElo "2109"]
[Result "1-0"]
[Round "03"]
[TimeControl "180+2"]
[Date "2023.02.28"]
[WhiteClock "0:00:04"]
[BlackClock "0:00:01"]

1. Nf3 d5 2. c4 e6 3. g3 Nf6 4. Bg2 Be7 5. b3 O-O 6. Bb2 c5 7. O-O d4 8. e3 Nc6 9. exd4 cxd4 10. Re1 Re8 11. a3 a5 12. d3 Bc5 13. Ne5 Nxe5 14. Rxe5 Qc7 15. Re1 e5 16. Nd2 Bg4 17. Qc2 Rad8 18. Rab1 Bf5 19. f3 Qd6 20. Ra1 Rb8 21. h3 h6 22. g4 Bh7 23. Ne4 Qe7 24. Qd2 Nxe4 25. fxe4 b5 26. Bc1 bxc4 27. bxc4 Rb7 28. Qxa5 Reb8 29. Ra2 f6 30. Rf2 Kh8 31. h4 Bg8 32. g5 fxg5 33. hxg5 hxg5 34. Bf3 Be6 35. Kg2 Kg8 36. Rh1 g6 37. Qa6 Kg7 38. Rhf1 Rb6 39. Qa5 R6b7 40. Qd2 Ra8 41. Bd1 Rba7 42. Qxg5 Qxg5+ 43. Bxg5 Bxa3 44. Rf6 Ra6 45. Bh4 Be7 46. Rxg6+ Kxg6 47. Bxe7 Re8 48. Rf6+ Kg7 49. Rf3 Rh8 50. Kf2 Rh2+ 51. Kg3 Rd2 52. Bf6+ Kg6 53. Rf1 Raa2 54. Bf3 Rxd3 55. Bxe5 Raa3 56. c5 Bb3 57. Kg2 Ba4 58. Be2 Rd2 59. Kf2 Bc6 60. Rg1+ Kf7 61. Bxd4 1-0


[Site "https://www.chess.com"]

[Event "Titled Tuesday Blitz February 28 Late 2023"]
[White "Ezat, Mohamed"]
[Black "Matsuura, Frederico"]
[WhiteFideId "10600906"]
[BlackFideId "2107848"]
[WhiteElo "2388"]
[BlackElo "2302"]
[Result "0-1"]
[Round "03"]
[TimeControl "180+2"]
[Date "2023.02.28"]
[WhiteClock "0:00:37"]
[BlackClock "0:00:11"]

1. e4 e6 2. d3 d5 3. Nd2 f5 4. Ngf3 Nf6 5. Be2 Be7 6. O-O O-O 7. c3 c5 8. Qc2 Nc6 9. Rd1 Qc7 10. Rf1 Bd7 11. Rd1 Kh8 12. exd5 exd5 13. Nf1 f4 14. d4 Ne4 15. Bd3 Bf5 16. N1d2 Nxd2 17. Bxd2 Bg4 18. Bxh7 Bxf3 19. gxf3 cxd4 20. Bd3 Qd7 21. Re1 Rf6 22. Bb5 Bd6 23. Qd3 Qh3 24. Kh1 Rh6 25. Bxf4 Bxf4 26. Kg1 Bxh2+ 27. Kh1 Bg3+ 28. Kg1 Qh1# 0-1


[Site "https://www.chess.com"]

[Event "Titled Tuesday Blitz February 28 Late 2023"]
[White "Adel, Sara"]
[Black "Zochowski, Kacper"]
[WhiteFideId "10616764"]
[BlackFideId "1125494"]
[WhiteElo "1997"]
[BlackElo "2222"]
[Result "0-1"]
[Round "03"]
[TimeControl "180+2"]
[Date "2023.02.28"]
[WhiteClock "0:00:14"]
[BlackClock "0:00:14"]

1. e4 d6 2. Nc3 Nf6 3. f4 e5 4. Bc4 exf4 5. Nf3 Bg4 6. e5 dxe5 7. Bxf7+ Kxf7 8. Nxe5+ Kg8 9. Nxg4 Bc5 10. d3 h5 11. Nxf6+ Qxf6 12. Qf3 Bb4 13. Qd5+ Kf8 14. O-O g5 15. Qxb7 Qb6+ 16. Qxb6 axb6 17. Nd5 Bd6 18. Bd2 Nd7 19. Bc3 Rh6 20. g3 c6 21. gxf4 g4 22. Ne3 Bc5 23. d4 Be7 24. Nf5 Rh7 25. Rfe1 Rf7 26. Nxe7 Rxe7 27. Rxe7 Kxe7 28. Re1+ Kf7 29. a3 Nf6 30. Bb4 Nd5 31. Bd6 Rd8 32. Be5 b5 33. b3 Ra8 34. c4 bxc4 35. bxc4 Nb6 36. c5 Nd5 37. Ra1 Ra4 38. Kf2 Ke6 39. Ke2 Kf5 40. Kd3 h4 41. Kc2 g3 42. hxg3 hxg3 43. Kb3 Ra7 44. a4 g2 45. Rg1 Ne3 46. d5 Rb7+ 47. Kc3 Nxd5+ 48. Kd4 Rb2 49. a5 Ra2 50. a6 Nxf4 51. Bxf4 Kxf4 52. a7 Kf3 53. Ke5 Rxa7 54. Kd6 Ra6 55. Rb1 Kf2 56. Rb2+ Kg3 57. Rb3+ Kh2 58. Rb2 Kh1 59. Rxg2 Kxg2 60. Kc7 Kf3 61. Kb7 Ke4 62. Kxa6 Kd4 63. Ka5 Kxc5 64. Ka4 Kc4 65. Ka3 Kc3 66. Ka2 Kc2 67. Ka1 c5 0-1


[Site "https://www.chess.com"]

[Event "Titled Tuesday Blitz February 28 Late 2023"]
[White "Marcolino, Daniel Mattos"]
[Black "Martin Carmona, Gaston Manuel"]
[WhiteFideId "2106841"]
[BlackFideId "22284567"]
[WhiteElo "2116"]
[BlackElo "2245"]
[Result "0-1"]
[Round "03"]
[TimeControl "180+2"]
[Date "2023.02.28"]
[WhiteClock "0:00:02"]
[BlackClock "0:00:54"]

1. d4 Nf6 2. Nf3 g6 3. g3 c5 4. d5 Bg7 5. Bg2 O-O 6. O-O b5 7. c3 Bb7 8. Ne1 Na6 9. e4 e6 10. dxe6 fxe6 11. Bg5 Qc8 12. Nd2 b4 13. cxb4 Nxb4 14. Nb3 d5 15. a3 Na6 16. Rc1 Nxe4 17. Be3 Bxb2 18. Rc2 Bxa3 19. Bxe4 dxe4 20. Bh6 Rf5 21. Qa1 e5 22. Qxa3 Rh5 23. Be3 Qh3 24. f4 exf3 25. Nxf3 Rf8 26. Nxc5 Bxf3 27. Nxa6 Rhf5 28. Rcf2 e4 29. Qb3+ Kg7 30. Bd4+ Kh6 31. Qe3+ g5 32. Nc7 Kg6 33. Ne6 Re8 34. Nc5 g4 35. Nd3 Ref8 36. Nf4+ Rxf4 37. gxf4 Rf5 38. Be5 Rh5 39. Qxa7 Qg3+ 0-1


[Site "https://www.chess.com"]

[Event "Titled Tuesday Blitz February 28 Late 2023"]
[White "Vanek, Tomas"]
[Black "Principe, Gerson"]
[WhiteFideId "313459"]
[BlackFideId "3804550"]
[WhiteElo "2052"]
[BlackElo "2229"]
[Result "0-1"]
[Round "03"]
[TimeControl "180+2"]
[Date "2023.02.28"]
[WhiteClock "0:00:05"]
[BlackClock "0:00:04"]

1. g3 Nf6 2. c4 c6 3. Bg2 d5 4. d4 e6 5. Nf3 Nbd7 6. O-O Be7 7. Nbd2 O-O 8. Qc2 b5 9. c5 e5 10. dxe5 Ng4 11. Nd4 Bb7 12. e6 Nxc5 13. exf7+ Rxf7 14. b4 Na4 15. Bh3 Bf6 16. N2b3 Bxd4 17. Nxd4 Qf6 18. e3 h5 19. f3 Ne5 20. Be6 Nc4 21. Qf5 Qxf5 22. Nxf5 Rf8 23. e4 Kh7 24. Bxf7 Rxf7 25. Bf4 Nc3 26. Kg2 dxe4 27. Nd6 Nxd6 28. Bxd6 e3 29. Bc5 Nd5 30. Rfe1 Bc8 31. a4 a6 32. axb5 axb5 33. Ra8 Bf5 34. Bxe3 Bd3 35. Bc5 Bc4 36. Rf8 Rd7 37. Rc8 Nf6 38. Rxc6 Rd2+ 39. Kg1 Bd5 40. Rd6 Rc2 41. Rxd5 Nxd5 42. Re5 Nc3 43. Rxh5+ Kg6 44. Re5 Ne2+ 45. Kg2 Nf4+ 46. Kf1 Nd3 47. Rd5 Nb2 48. Rd6+ Kh7 49. Bd4 Nc4 50. Rd7 Rxh2 51. Rxg7+ Kh6 52. g4 Rd2 53. Bf6 Rd6 54. g5+ Kh5 55. Rh7+ Kg6 56. Rh6+ Kf5 57. Bc3 Rd3 58. Rc6 Rxc3 59. Rc5+ Kg6 60. Rxb5 Rxf3+ 61. Kg2 Rb3 62. Rc5 Ne3+ 63. Kf2 Nf5 64. Rc6+ Kxg5 65. Rb6 Kf4 66. Kg2 Ne3+ 67. Kf2 Rb2+ 68. Ke1 Kf3 69. Rf6+ Ke4 70. Re6+ Kd4 71. Re8 Rxb4 72. Ke2 Rb2+ 73. Kf3 Nd5 74. Rd8 Rb3+ 75. Kf2 Rh3 76. Kg2 Rd3 77. Kf2 Kc3 78. Rc8+ Kd2 79. Kg2 Ne3+ 80. Kf3 Nc2+ 81. Ke4 Re3+ 82. Kd5 Rd3+ 83. Ke6 Ne3 84. Rc7 Ke2 85. Rd7 Rc3 86. Kf6 Rc5 87. Ke7 Rc6 88. Ke8 Kf3 89. Rf7+ Ke4 90. Re7+ Kd4 91. Rd7+ Nd5 92. Rh7 Ke5 93. Rh5+ Kd4 94. Rh4+ Kc5 95. Rh1 Rg6 96. Rd1 Kd6 97. Kd8 Rg8# 0-1


[Site "https://www.chess.com"]

[Event "Titled Tuesday Blitz February 28 Late 2023"]
[White "Martic, Ivan"]
[Black "Desideri, Ricardo Maruchi"]
[WhiteFideId "929301"]
[BlackFideId "2110440"]
[WhiteElo "2360"]
[BlackElo "1945"]
[Result "1-0"]
[Round "03"]
[TimeControl "180+2"]
[Date "2023.02.28"]
[WhiteClock "0:01:14"]
[BlackClock "0:00:17"]

1. e4 c5 2. Nf3 d6 3. d4 cxd4 4. Nxd4 Nf6 5. f3 a6 6. c4 e6 7. Nc3 Qc7 8. Be3 Nbd7 9. Be2 b6 10. O-O Be7 11. a4 Bb7 12. a5 bxa5 13. Nb3 Rc8 14. Nxa5 Ba8 15. Qd2 O-O 16. Rfc1 Nc5 17. b4 Nb7 18. Nb3 d5 19. Nxd5 exd5 20. cxd5 Qd6 21. Bc5 Nxc5 22. bxc5 Qe5 23. d6 Bd8 24. Bxa6 Rb8 25. Bc4 Rxb3 26. Bxb3 Bc6 27. Ba4 Bxa4 28. Rxa4 Nd7 29. c6 Nf6 30. c7 Bxc7 31. dxc7 1-0


[Site "https://www.chess.com"]

[Event "Titled Tuesday Blitz February 28 Late 2023"]
[White "Dorato, Adriano"]
[Black "Sadovsky, Artem"]
[WhiteFideId "2802894"]
[BlackFideId "4155840"]
[WhiteElo "1709"]
[BlackElo "2314"]
[Result "0-1"]
[Round "03"]
[TimeControl "180+2"]
[Date "2023.02.28"]
[WhiteClock "0:00:17"]
[BlackClock "0:00:11"]

1. d4 g6 2. Nf3 Bg7 3. e3 d6 4. Be2 e5 5. dxe5 dxe5 6. Qxd8+ Kxd8 7. Nc3 f6 8. Bd2 c6 9. O-O-O Kc7 10. Nb1 Nh6 11. Bc3 Be6 12. a3 Nd7 13. Nbd2 b5 14. Ne4 a5 15. b3 Nf7 16. Rd2 Rhd8 17. Rhd1 Bf8 18. Bb2 Be7 19. h3 f5 20. Ng3 a4 21. b4 Bf6 22. Bf1 Nb6 23. Ne1 Rxd2 24. Rxd2 Bc4 25. Nd3 Nd7 26. f4 Bxd3 27. Bxd3 e4 28. Bxf6 Nxf6 29. Be2 Nd6 30. Bf1 Nd5 31. Re2 Nc4 32. Re1 Ncxe3 33. Ne2 Rd8 34. Kb2 Nb6 35. Nc3 Nbc4+ 36. Kc1 Nxf1 37. Rxf1 Nxa3 38. Kb2 Nc4+ 39. Kb1 Nd2+ 0-1


[Site "https://www.chess.com"]

[Event "Titled Tuesday Blitz February 28 Late 2023"]
[White "Papasimakopoulos, Alexandros"]
[Black "Aguilar, Juan"]
[WhiteFideId "4244125"]
[BlackFideId "3800091"]
[WhiteElo "2359"]
[BlackElo "2399"]
[Result "0-1"]
[Round "03"]
[TimeControl "180+2"]
[Date "2023.02.28"]
[WhiteClock "0:00:09"]
[BlackClock "0:00:05"]

1. d4 g6 2. c4 Bg7 3. e4 d6 4. Nc3 Nc6 5. Nge2 e5 6. Be3 Nf6 7. d5 Ne7 8. Ng3 O-O 9. Be2 h5 10. h4 Ng4 11. Bxg4 Bxg4 12. f3 Bd7 13. Qd2 a6 14. O-O-O b5 15. c5 f5 16. Bg5 f4 17. Nge2 b4 18. Nb1 a5 19. c6 Bc8 20. a4 Qe8 21. b3 Nxc6 22. dxc6 Ra6 23. Kb2 Rxc6 24. Rc1 Be6 25. Rxc6 Qxc6 26. Rc1 Qd7 27. Qc2 c5 28. Nd2 Rc8 29. Nc4 Qc7 30. Qd3 d5 31. Nd2 c4 32. bxc4 dxc4 33. Qc2 c3+ 34. Ka1 cxd2 35. Qxc7 Rxc7 36. Rd1 Rc2 37. Kb1 b3 38. Bd8 Bc4 39. Bxa5 Bxe2 40. Rxd2 Rxd2 41. Bxd2 Bc4 42. Bc3 Kf7 43. Kb2 Ke6 44. Ka3 Bf8+ 45. Kb2 Bc5 46. Be1 Bf1 47. g3 Bg2 48. gxf4 exf4 49. Kxb3 Bxf3 50. Kc4 Ba7 51. Kd3 g5 52. hxg5 Kf7 53. Bd2 h4 54. Bxf4 h3 55. a5 Bg4 56. a6 Bc8 57. Ke2 Bxa6+ 58. Kf3 Kg6 59. Kg3 Bc8 60. Kh2 Bd4 61. Kg3 Kh5 62. Bd6 Bc3 63. Bf4 Be1+ 64. Kf3 Kg6 65. Ke2 Bb4 66. Kf3 Bc3 67. Kg3 Kh5 68. Kf3 Bd4 69. Kg3 Bg7 70. Kf3 Kh4 71. Be3 Be6 72. Bf4 Bf7 73. e5 Bf8 74. Kf2 Be7 75. Kf3 Bg6 76. Kf2 Kg4 77. Bh2 Bxg5 78. e6 Bf5 79. Bd6 Bxe6 80. Kg1 Bh4 81. Kh2 Bf5 82. Bc7 Be4 83. Bd6 Bg2 84. Be5 Kf5 85. Bd6 Bf6 86. Kg1 Kg4 87. Bc5 Be5 88. Kf2 Be4 89. Kg1 h2+ 90. Kf2 h1=Q 91. Ke3 Qf3+ 92. Kd2 Qd3+ 93. Ke1 Bf3 94. Bf2 Qe2# 0-1


[Site "https://www.chess.com"]

[Event "Titled Tuesday Blitz February 28 Late 2023"]
[White "Blomqvist, Erik"]
[Black "Sarkar, Justin"]
[WhiteFideId "1709437"]
[BlackFideId "2010011"]
[WhiteElo "2436"]
[BlackElo "2189"]
[Result "1-0"]
[Round "03"]
[TimeControl "180+2"]
[Date "2023.02.28"]
[WhiteClock "0:01:43"]
[BlackClock "0:00:01"]

1. e4 e5 2. Nf3 Nc6 3. Bb5 a6 4. Ba4 Nf6 5. O-O Nxe4 6. Re1 Nc5 7. Bxc6 dxc6 8. Nxe5 Be7 9. d4 Ne6 10. Be3 O-O 11. c4 f6 12. Nf3 f5 13. Nc3 f4 14. Bd2 Bf6 15. d5 Nd4 16. Bxf4 Nxf3+ 17. Qxf3 Bxc3 18. bxc3 g5 19. dxc6 Rxf4 20. cxb7 Bxb7 21. Qxb7 Rxc4 22. Rad1 1-0


[Site "https://www.chess.com"]

[Event "Titled Tuesday Blitz February 28 Late 2023"]
[White "Koellner, Ruben Gideon"]
[Black "Pino Perez, Lazaro"]
[WhiteFideId "12993093"]
[BlackFideId "3517055"]
[WhiteElo "2303"]
[BlackElo "2170"]
[Result "1-0"]
[Round "03"]
[TimeControl "180+2"]
[Date "2023.02.28"]
[WhiteClock "0:02:35"]
[BlackClock "0:00:39"]

1. d4 d5 2. Nf3 Nf6 3. e3 Bf5 4. Nbd2 e6 5. Ne5 Nbd7 6. g4 Bg6 7. h4 Nxe5 8. dxe5 Ne4 9. h5 Nxd2 10. Bxd2 Be4 11. f3 Be7 12. fxe4 Bh4+ 13. Ke2 Qg5 14. Bg2 O-O-O 15. exd5 f5 16. e4 Qxg4+ 17. Bf3 1-0


[Site "https://www.chess.com"]

[Event "Titled Tuesday Blitz February 28 Late 2023"]
[White "Estrada Nieto, Julian"]
[Black "Djokic, Mihailo"]
[WhiteFideId "5101018"]
[BlackFideId "976440"]
[WhiteElo "2176"]
[BlackElo "2294"]
[Result "0-1"]
[Round "03"]
[TimeControl "180+2"]
[Date "2023.02.28"]
[WhiteClock "0:00:10"]
[BlackClock "0:00:20"]

1. e4 e5 2. Nf3 Nc6 3. Bb5 Nf6 4. O-O Nxe4 5. Re1 Nd6 6. Nxe5 Be7 7. Bf1 O-O 8. d4 Nf5 9. Nf3 d5 10. g3 Be6 11. Bf4 Re8 12. c3 Bd6 13. Bxd6 Qxd6 14. Nbd2 h6 15. Bd3 Re7 16. Ne5 Ree8 17. Qc2 Nfe7 18. Re2 Nxe5 19. dxe5 Qc5 20. Nf3 Bg4 21. Re3 Nc6 22. b4 Qe7 23. b5 Nd8 24. Nd4 c6 25. Rae1 c5 26. Nf5 Bxf5 27. Bxf5 Ne6 28. Rd1 Rad8 29. Red3 Ng5 30. f4 Ne6 31. Rxd5 Rxd5 32. Rxd5 c4 33. Bxe6 Qxe6 34. Qd2 h5 35. Qd4 h4 36. Rd8 hxg3 37. hxg3 Rxd8 38. Qxd8+ Kh7 39. Qd4 Qg4 40. Qe4+ g6 41. Kf2 Qe6 42. Qxb7 Qf5 43. Qd5 Qc2+ 44. Kg1 Qxc3 45. Qxf7+ Kh6 46. Qf8+ Kh5 47. Qh8+ Kg4 48. Qh4+ Kf3 49. Qh1+ Kxg3 50. Qg2+ Kxf4 51. Qh2+ Qg3+ 52. Qxg3+ Kxg3 53. e6 c3 54. e7 c2 55. e8=Q c1=Q+ 0-1


[Site "https://www.chess.com"]

[Event "Titled Tuesday Blitz February 28 Late 2023"]
[White "Sanchez Alvares, Kelvin Antonio"]
[Black "Fernandez Garcia, Gumersindo"]
[WhiteFideId "3906680"]
[BlackFideId "24516740"]
[WhiteElo "2217"]
[BlackElo "2093"]
[Result "0-1"]
[Round "03"]
[TimeControl "180+2"]
[Date "2023.02.28"]
[WhiteClock "0:02:17"]
[BlackClock "0:01:41"]

1. e4 c5 2. Nf3 e6 3. d4 cxd4 4. Nxd4 Nf6 5. Nc3 Nc6 6. Nxc6 bxc6 7. e5 Nd5 8. Ne4 Qc7 9. f4 Qb6 10. c4 Bb4+ 11. Ke2 f5 12. exf6 Nxf6 13. Nd6+ Bxd6 14. Qxd6 Ba6 15. Kf3 c5 16. Bd3 Bb7+ 17. Kf2 Qxd6 0-1


[Site "https://www.chess.com"]

[Event "Titled Tuesday Blitz February 28 Late 2023"]
[White "Petukhov, Dmitry"]
[Black "Gatterer, Florian"]
[WhiteFideId "4142748"]
[BlackFideId "811688"]
[WhiteElo "2311"]
[BlackElo "2221"]
[Result "1-0"]
[Round "03"]
[TimeControl "180+2"]
[Date "2023.02.28"]
[WhiteClock "0:00:23"]
[BlackClock "0:00:11"]

1. e4 c5 2. c3 Nf6 3. e5 Nd5 4. d4 cxd4 5. Nf3 Nc6 6. Bc4 Nb6 7. Bb3 d5 8. exd6 Qxd6 9. O-O d3 10. Na3 Bf5 11. Nb5 Qd8 12. Bf4 Rc8 13. Re1 e6 14. Nfd4 Nxd4 15. Nxd4 Be7 16. Nxf5 exf5 17. Bg5 Rc7 18. Bxe7 Rxe7 19. Rxe7+ Qxe7 20. Qxd3 O-O 21. Qxf5 Qe2 22. Qc2 Qe5 23. Rd1 g6 24. h3 Kg7 25. Qd3 Re8 26. Qf3 Re7 27. g3 h5 28. h4 Qe2 29. Qxe2 Rxe2 30. Rb1 a5 31. Kf1 Rd2 32. Ke1 Rd7 33. Rd1 Re7+ 34. Kf1 a4 35. Bc2 Nc4 36. b3 axb3 37. axb3 Nb6 38. Rd4 Rc7 39. c4 Nc8 40. Be4 Ne7 41. Bd5 Nc8 42. Ke2 Nd6 43. Kd3 Nf5 44. Re4 Kf6 45. b4 b6 46. Re1 Nd6 47. Ra1 Nf5 48. Ra6 Ke5 49. Rxb6 Nd6 50. f4+ Kf6 51. Rxd6+ Kg7 52. b5 Ra7 53. b6 Ra3+ 54. Kd4 Ra1 55. b7 Rd1+ 56. Kc5 Rb1 57. Rb6 1-0


[Site "https://www.chess.com"]

[Event "Titled Tuesday Blitz February 28 Late 2023"]
[White "Itkis, Boris"]
[Black "Erzhanov, Arman"]
[WhiteFideId "1209167"]
[BlackFideId "4138821"]
[WhiteElo "2216"]
[BlackElo "2138"]
[Result "0-1"]
[Round "03"]
[TimeControl "180+2"]
[Date "2023.02.28"]
[WhiteClock "0:02:09"]
[BlackClock "0:01:43"]

1. c4 d6 2. d4 e5 3. Nc3 exd4 4. Qxd4 Nc6 5. Qd1 Nf6 6. Nf3 a5 7. g3 Be6 8. b3 d5 9. cxd5 Nxd5 10. Nxd5 Bxd5 11. Bg2 Bb4+ 12. Bd2 O-O 13. Bxb4 axb4 14. O-O Re8 15. e3 Ra5 16. Qc2 Be4 17. Qb2 Rd5 18. a4 bxa3 19. Qxa3 Qf6 20. Qa4 Bxf3 0-1


[Site "https://www.chess.com"]

[Event "Titled Tuesday Blitz February 28 Late 2023"]
[White "The_Sherman_Variation"]
[Black "Tsyhanchuk, Stanislav"]
[BlackFideId "13505130"]
[WhiteElo "2445"]
[BlackElo "2173"]
[Result "1-0"]
[Round "03"]
[TimeControl "180+2"]
[Date "2023.02.28"]
[WhiteClock "0:00:30"]
[BlackClock "0:00:01"]

1. Nf3 Nf6 2. c4 d5 3. cxd5 Nxd5 4. Nc3 Nb6 5. g3 g6 6. Bg2 Bg7 7. O-O e5 8. d3 Nc6 9. a4 a5 10. Be3 O-O 11. Rc1 Be6 12. Nb5 Nd5 13. Bd2 h6 14. Nc3 Ndb4 15. Be3 f5 16. Qd2 Kh7 17. Bc5 Rf7 18. Nb5 e4 19. Ne1 b6 20. Be3 Ne5 21. dxe4 fxe4 22. Bxe4 Nc4 23. Qxd8 Rxd8 24. Bf4 c6 25. Nc7 Bd5 26. Nxd5 cxd5 27. Bxd5 Nxd5 28. Rxc4 Nxf4 29. gxf4 Bxb2 30. Nd3 Bd4 31. Rb1 Rb7 32. Rb5 Rdd7 33. Rc6 Rdc7 34. Rd6 Rd7 35. Rbd5 Rxd6 36. Rxd6 Bg7 37. Rd5 Rc7 38. Rb5 Bd4 39. Kg2 Rc2 40. Kf3 Ra2 41. e3 Bc5 42. Nxc5 bxc5 43. Rxa5 c4 44. Kg3 c3 45. Rc5 c2 46. a5 h5 47. a6 Kh6 48. a7 Rxa7 49. Rxc2 Ra3 50. Rc7 Ra1 51. h4 Rg1+ 52. Kf3 Rg4 53. e4 Rxh4 54. e5 Rh3+ 55. Ke4 h4 56. e6 Rh1 57. Ke5 Re1+ 58. Kf6 h3 59. Rc3 Kh5 60. Rxh3+ Kg4 61. Re3 1-0


[Site "https://www.chess.com"]

[Event "Titled Tuesday Blitz February 28 Late 2023"]
[White "Djabri,Massinas"]
[Black "Wu, Sibo"]
[WhiteFideId "7905726"]
[BlackFideId "8606048"]
[WhiteElo "2155"]
[BlackElo "2444"]
[Result "0-1"]
[Round "03"]
[TimeControl "180+2"]
[Date "2023.02.28"]
[WhiteClock "0:00:08"]
[BlackClock "0:00:07"]

1. d4 d5 2. c4 c6 3. Nc3 Nf6 4. Nf3 a6 5. a4 e6 6. Bg5 a5 7. e3 Be7 8. Qc2 Na6 9. Ne5 Nb4 10. Qb3 O-O 11. Be2 h6 12. Bh4 dxc4 13. Bxc4 Nfd5 14. Bg3 Bd7 15. O-O Be8 16. e4 Nb6 17. Rad1 Nxc4 18. Qxc4 Qc8 19. Qe2 Ra6 20. Nc4 c5 21. d5 Bd7 22. d6 Bd8 23. e5 Nc6 24. Bf4 Nd4 25. Qg4 Kh7 26. Rd3 f5 27. exf6 Bxf6 28. Ne4 e5 29. Nxf6+ Rxf6 30. Qh5 exf4 31. Rh3 Bxh3 0-1


[Site "https://www.chess.com"]

[Event "Titled Tuesday Blitz February 28 Late 2023"]
[White "Michalski, Olaf"]
[Black "Sanchez, Robert"]
[WhiteFideId "1106740"]
[BlackFideId "2034360"]
[WhiteElo "2173"]
[BlackElo "2436"]
[Result "0-1"]
[Round "03"]
[TimeControl "180+2"]
[Date "2023.02.28"]
[WhiteClock "0:00:51"]
[BlackClock "0:01:39"]

1. d4 Nf6 2. Nf3 e6 3. Bf4 d5 4. e3 c5 5. c4 cxd4 6. exd4 Nc6 7. Nc3 Bb4 8. c5 Ne4 9. Bd2 Nxd2 10. Qxd2 O-O 11. a3 Ba5 12. b4 Bc7 13. b5 Ne7 14. Bd3 f5 15. O-O Ng6 16. Rfe1 Qf6 17. b6 axb6 18. cxb6 Bxb6 19. Nb5 Bd7 20. Ne5 Nxe5 21. Rxe5 Bxd4 0-1


[Site "https://www.chess.com"]

[Event "Titled Tuesday Blitz February 28 Late 2023"]
[White "Rosenberg, Evan S"]
[Black "Gurevich, Ilya"]
[WhiteFideId "2019299"]
[BlackFideId "2000628"]
[WhiteElo "2431"]
[BlackElo "2130"]
[Result "1-0"]
[Round "03"]
[TimeControl "180+2"]
[Date "2023.02.28"]
[WhiteClock "0:00:11"]
[BlackClock "0:00:02"]

1. d4 Nf6 2. Nf3 g6 3. Nc3 Bg7 4. e4 d6 5. Be2 O-O 6. O-O Nbd7 7. e5 Ne8 8. Bf4 b6 9. Bc4 e6 10. Bg5 f6 11. Bxe6+ Kh8 12. Bh4 Nxe5 13. Bd5 Nxf3+ 14. Qxf3 Rb8 15. Rae1 Bd7 16. a4 Qc8 17. Re7 c6 18. Ba2 d5 19. Rfe1 Nd6 20. Bg3 Bg4 21. Qf4 Nf5 22. Rc7 Nxg3 23. Rxc8 Rbxc8 24. Qxg4 Nf5 25. b4 Rce8 26. Rxe8 Rxe8 27. h3 Nd6 28. b5 f5 29. Qf4 1-0


[Site "https://www.chess.com"]

[Event "Titled Tuesday Blitz February 28 Late 2023"]
[White "Haszon, David"]
[Black "Eckert, Doug"]
[WhiteFideId "733610"]
[BlackFideId "2001993"]
[WhiteElo "2210"]
[BlackElo "2202"]
[Result "0-1"]
[Round "03"]
[TimeControl "180+2"]
[Date "2023.02.28"]
[WhiteClock "0:02:00"]
[BlackClock "0:01:08"]

1. d4 Nf6 2. Bf4 d5 3. e3 e6 4. Nf3 Bd6 5. Bg3 O-O 6. Bd3 c5 7. c3 Qc7 8. Nbd2 Nbd7 9. e4 dxe4 10. Nxe4 Nxe4 11. Bxe4 f5 12. dxc5 Bxg3 13. hxg3 fxe4 14. Ng5 Qxc5 15. Qd2 e3 16. Qxe3 Qxe3+ 17. fxe3 Nf6 0-1


[Site "https://www.chess.com"]

[Event "Titled Tuesday Blitz February 28 Late 2023"]
[White "Plenca, Jadranko"]
[Black "Ward, Ieuan C"]
[WhiteFideId "14527146"]
[BlackFideId "406627"]
[WhiteElo "2491"]
[BlackElo "2319"]
[Result "1-0"]
[Round "03"]
[TimeControl "180+2"]
[Date "2023.02.28"]
[WhiteClock "0:00:42"]
[BlackClock "0:00:02"]

1. e4 d5 2. exd5 Qxd5 3. Nc3 Qd6 4. d4 Nf6 5. Nb5 Qb6 6. c4 c6 7. Nc3 Bf5 8. Nf3 e6 9. Bd3 Bg6 10. O-O Be7 11. Re1 O-O 12. Bxg6 hxg6 13. Qe2 Bb4 14. Bg5 Nbd7 15. a3 Bxc3 16. bxc3 Qa5 17. Qc2 a6 18. c5 b5 19. cxb6 Nxb6 20. Ne5 Rfc8 21. Bxf6 gxf6 22. Nxg6 Kg7 23. Nf4 Nc4 24. Qe2 Nd6 25. Qg4+ Qg5 26. Qxg5+ fxg5 27. Nd3 Rcb8 28. Reb1 Rb5 29. Ne5 Rab8 30. Rxb5 cxb5 31. f3 Rc8 32. Rc1 Nc4 33. Nd3 Nxa3 34. Nc5 e5 35. Ra1 exd4 36. cxd4 Nc2 37. Rxa6 Nxd4 38. Nd3 Rc3 39. Nb4 Rc4 40. Nd5 b4 41. Rb6 b3 42. Kf2 Rc2+ 43. Ke3 Nf5+ 44. Ke4 Nh4 45. g3 f5+ 46. Ke5 Nxf3+ 47. Kxf5 b2 48. Rb7+ Kf8 49. Nf6 Nd4+ 50. Kg6 Rxh2 51. Rf7# 1-0


[Site "https://www.chess.com"]

[Event "Titled Tuesday Blitz February 28 Late 2023"]
[White "Bulgurlu, Okan"]
[Black "Rodrigues, Tiago Pereira"]
[WhiteFideId "6352316"]
[BlackFideId "2101203"]
[WhiteElo "2317"]
[BlackElo "2168"]
[Result "1-0"]
[Round "03"]
[TimeControl "180+2"]
[Date "2023.02.28"]
[WhiteClock "0:00:42"]
[BlackClock "0:01:23"]

1. e4 c5 2. Nf3 a6 3. c3 e6 4. d4 d5 5. exd5 Qxd5 6. Be3 Nd7 7. Na3 cxd4 8. Bc4 Qc6 9. Nxd4 Qxg2 10. Rf1 Bxa3 11. bxa3 Ngf6 12. Qe2 Ne5 13. Bb3 Bd7 14. O-O-O Rc8 15. Kb2 Qe4 16. f3 Qh4 17. Rg1 Ng6 18. Nf5 Bb5 19. c4 Bxc4 20. Bxc4 Qh3 21. Nd6+ Ke7 22. Nxc8+ Rxc8 23. Bb3 Ne5 24. Bf4 Nc6 25. Bd6+ Ke8 26. Rxg7 Qh6 27. Qg2 Rd8 28. Rg8+ Nxg8 29. Qxg8+ Kd7 30. Qxf7+ 1-0


[Site "https://www.chess.com"]